 Dungeon Crawl Stone Soup version 0.25-b1-46-gb8a1ec05df (webtiles) character file.

Game seed: 5374383897158397128

54 grindst0ne the Chopper (level 3, -3/34 HPs)
             Began as a Naga Gladiator on June 9, 2020.
             Slain by a gnoll
             ... wielding a +0 spear
              (4 damage)
             ... on level 2 of the Dungeon.
             The game lasted 00:02:02 (1149 turns).

grindst0ne the Chopper (Naga Gladiator)             Turns: 1149, Time: 00:02:02

Health: -3/34      AC:  4    Str: 16    XL:     3   Next: 91%
Magic:  3/3        EV:  9    Int:  9    God:
Gold:   56         SH:  0    Dex: 12    Spells: 2/2 levels left

rFire    . . .     SeeInvis +   h - +1 dagger (venom)
rCold    . . .     Gourm    .   (no shield)
rNeg     . . .     Faith    .   n - +0 ring mail
rPois    +         Spirit   .   c - +0 helmet
rElec    .         Reflect  .   (no cloak)
rCorr    .         Harm     .   (no gloves)
MR       .....                  (no barding)
Stlth    ..........             (no amulet)
HPRegen  0.11/turn              l - ring of attention (curse)
MPRegen  0.08/turn              (no ring)

@: very slow
A: large, see invisible, deformed body, poison resistance, slowness 2, slow
metabolism 1, spit poison 1, AC +1
a: Spit Poison


You were on level 2 of the Dungeon.
You were not hungry.

You visited 1 branch of the dungeon, and saw 2 of its levels.

You collected 56 gold pieces.

Inventory:

Hand Weapons
 a - a +0 war axe
 h - a +1 dagger of venom (weapon)
Missiles
 d - 3 throwing nets (quivered)
 j - 20 poisoned darts
Armour
 c - a +0 helmet (worn)
 n - a +0 ring mail (worn)
Jewellery
 l - a cursed ring of attention (left hand)
Scrolls
 g - a scroll of identify {unknown}
 i - a scroll of remove curse {unknown}
 k - a scroll of fog {unknown}
 m - 2 scrolls of noise
Potions
 e - 2 potions of lignification {unknown}
Comestibles
 b - 2 chunks of flesh
 f - a ration


   Skills:
 + Level 3.1 Fighting
 + Level 1.6 Short Blades
 - Level 3.4 Axes
 - Level 1.7 Throwing
 - Level 2.4 Dodging


You had 2 spell levels left.
You didn't know any spells.
Your spell library was empty.

Dungeon Overview and Level Annotations

Branches:
Dungeon (2/15)

Altars:


Innate Abilities, Weirdness & Mutations

You cannot wear boots.
Your serpentine skin is tough. (AC +1)
You have supernaturally acute eyesight. (SInv)
Armour fits poorly on your strangely shaped body.
Your system is resistant to poisons. (rPois)
You cover ground very slowly.
You have a slow metabolism.
You can spit poison.


Message History

You hit the gnoll.
The gnoll is moderately wounded.
The gnoll hits you from afar with a +0 spear.
The gnoll barely misses you.
You hit the gnoll.
The gnoll is moderately wounded.
The gnoll hits you from afar with a +0 spear!
You barely miss the gnoll.
The gnoll is moderately wounded.
The gnoll hits you with a +0 spear.
* * * LOW HITPOINT WARNING * * *
The gnoll closely misses you.
You barely miss the gnoll.
The gnoll is moderately wounded.
The gnoll hits you with a +0 spear.
* * * LOW HITPOINT WARNING * * *
The gnoll hits you from afar with a +0 spear!
* * * LOW HITPOINT WARNING * * *
The gnoll hits you from afar with a +0 spear.
You die...

#####.### #..#
.......# . ..#
#......## .#..#
......) .....
.....# #.#.# .g....
#.#.# #g# #.###.#.#
#†# #.....#<#
..#####@# ###.#.#>#
.%$.....# #÷#.#.#
.######.#####.#.#)#
#.).....#.#.#
#########.#.###.#
#.#...#.# #.###.#.#
#.# #.#.# #.# #.#.#


You could see 2 gnolls.

Vanquished Creatures
  An adder (D:2)
  A dart slug (D:1)
  2 leopard geckos (D:1)
  5 bats
  2 giant cockroaches (D:1)
  7 goblins
  6 hobgoblins
  A ball python (D:1)
  2 frilled lizards
  9 kobolds
  2 rats
38 creatures vanquished.

Notes
Turn   | Place    | Note
-------+----------+-------------------------------------------
     0 | D:1      | grindst0ne the Naga Gladiator began the quest for the Orb.
     0 | D:1      | Reached XP level 1. HP: 19/19 MP: 1/1
    44 | D:1      | Reached XP level 2. HP: 19/27 MP: 2/2
   430 | D:1      | Reached XP level 3. HP: 33/33 MP: 3/3
   542 | D:1      | Reached skill level 1 in Short Blades
  1148 | D:2      | HP: 1/34 [gnoll/+0 spear (8)]
  1149 | D:2      | Slain by a gnoll

Illustrated notes

Levels and vault maps discovered:
D:1:      zelgadis_glass_arrival_small, layout_basic
D:2:      layout_loops_ring, gammafunk_temple_of_torment, first_ration,
          hangedman_decor_clover_reticule, uniq_sigmund

Skill      XL: |  1  2  3 |
---------------+----------+-----
Short Blades   | 1 |  1.6
Fighting       | 3 |  3.1
Axes           | |  3.4
Throwing       | |  1.7
Dodging        | |  2.4

Action                   || total
-------------------------++-------
Melee: War axe           ||    14
       Dagger            ||    88
 Abil: Spit Poison       ||     3
  Use: Scroll            ||     1
Armor: Leather armour    ||    38
       Ring mail         ||     7
Dodge: Dodged            ||    75
